Unix NetHack Version 5.0.0-0 post-release - last build May  4 2026 22:22:43 (774f63e81ad911689b3a0859ea89b322d5daca8d,branch:main).

Game began 2026-05-09 06:11:23, ended 2026-05-09 06:59:23.

BSL2425737, neutral female human Valkyrie

 ---------
 |........##`
 |...>...|      -------
 |.......|      |.....|                                      -----------
 |.....).|      |......#                                     |.........|
 |.......|      |.....|#)#####    ----------------           |.........|
 |......[|      -----.-      ###  |..............|###########..........|
 -----.---           #         ###...........>...|#          |......{..|
      ##           ###            |............).|#          .......<..|
       #      ####################................##         |.........|
       #    @k#    #              ----------------#          -----------
    ---.-##o#    ###               ###############`
    |....##   ---.-           ######
    |...| #   |...|        ####
    |...| #   |...|   ######
    ----- #   |...-####
          ####-...|
              -----

BSL2425737 the Skirmisher   St:12 Dx:13 Co:18 In:9 Wi:8 Ch:9  Neutral
Dlvl:4  $:35 HP:0(45) Pw:11(11) AC:6  Xp:4 T:3441  Burdened

Latest messages:
 You miss the hill orc.
 The hill orc wields a burnt elven dagger!
 You hit the hill orc.
 The hill orc thrusts his elven dagger.
 The hill orc hits!
 You miss the hill orc.
 The hill orc thrusts his elven dagger.
 The hill orc hits!
 You miss the hill orc.
 The hill orc thrusts his elven dagger.
 The hill orc hits!
 You miss the hill orc.
 The hill orc thrusts his elven dagger.
 The hill orc hits!
 You hit the hill orc.
 The hill orc thrusts his elven dagger.
 The hill orc hits!
 What do you want to throw? [$bhru or ?*] *
 In what direction? 9
 The spear misses the hill orc.
 The hill orc thrusts his elven dagger.
 The hill orc hits!
 The hill orc thrusts his elven dagger.
 The hill orc hits!
 You swap places with your kitten.
 The kitten bites it.
 Your kitten grows up into a housecat.
 You hear some noises in the distance.
 You hear some noises in the distance.
 You hear water falling on coins.
 You hear some noises in the distance.
 You begin bashing monsters with your bare hands.
 You miss the hill orc.
 The hill orc swings his battle-axe.
 The hill orc hits!
 You hear some noises in the distance.
 The hill orc swings his battle-axe.
 The hill orc hits!
 You hear some noises.
 You miss the kobold shaman.
 The air crackles around the kobold shaman.
 You miss the kobold shaman.
 The hill orc swings his battle-axe.
 The hill orc hits!
 You die...
 Do you want your possessions identified? [ynq] (y) y
 Do you want to see your attributes? [ynq] (y) y
 Do you want an account of creatures vanquished? [ynaq] (y) y
 Do you want to see your conduct and achievements? [ynq] (y) y
 Do you want to see the dungeon overview? [ynq] (y) y

Inventory:
 Coins    ('$')
  $ - 35 gold pieces
 Amulets  ('"')
  t - an uncursed amulet of life saving
 Weapons  (')')
  u - 8 +0 darts
  h - 10 rusty +0 darts
  b - 4 +0 daggers (alternate weapons; not wielded)
  r - a cursed +0 dagger
 Armor    ('[')
  o - an uncursed +0 pair of leather gloves
  n - a cursed -1 pair of fumble boots
  c - an uncursed +3 small shield (being worn)
  m - an uncursed +0 ring mail
  q - an uncursed +0 scale mail
 Comestibles  ('%')
  d - an uncursed food ration
  i - a cursed tripe ration
  j - a cursed egg
 Potions  ('!')
  l - a cursed potion of hallucination
  v - a cursed potion of healing
  p - an uncursed potion of see invisible
 Tools    ('(')
  e - an uncursed locked large box containing 1 item
  k - a cursed tallow candle
  f - an uncursed towel
 Gems/Stones  ('*')
  g - 2 uncursed worthless pieces of orange glass

Contents of the large box:
  2 uncursed potions of healing

BSL2425737 the Valkyrie's attributes:

Background:
 You were a Skirmisher, a level 4 human Valkyrie.
 You were neutral, nominally on a mission for Odin
 who was opposed by Tyr (lawful) and Loki (chaotic).
 You were right-handed.
 You were in the Dungeons of Doom, on level 4.
 You entered the dungeon 3441 turns ago.
 You had 91 experience points, 69 more were needed to attain level 5.

Basics:
 You had 0 out of 45 hit points.
 You had all 11 energy points (spell power).
 Your armor class was 6.
 Your wallet contained 35 zorkmids.
 Autopickup was off.

Final Characteristics:
 Your strength was 12 (peak:18, limit:18/100).
 Your dexterity was 13 (limit:18).
 Your constitution was 18 (limit:18).
 Your intelligence was 9 (limit:18).
 Your wisdom was 8 (limit:18).
 Your charisma was 9 (limit:18).

Final Status:
 You weren't hungry.
 You were burdened; movement was slightly slowed.
 You were bare handed.
 You were unskilled in bare handed combat.

Final Attributes:
 You were piously aligned.
 You were cold resistant.
 You were stealthy.
 You are dead.

Miscellaneous:
 You didn't encounter any bones levels.
 Total elapsed playing time was 47 minutes and 54 seconds.

Major events:
 Turn
    1: BSL2425737 the neutral human Valkyrie entered the dungeon
 1358: attained the rank of Skirmisher (level 3)
 2229: found Trollsbane on the floor
 3441: killed by a hill orc

You didn't know any spells.

Skills:
 Fighting Skills
   bare handed combat [Unskilled]
   two weapon combat  [Unskilled]
   riding             [Unskilled]
 Weapon Skills
   dagger             [Basic]
   axe                [Unskilled]
   pick-axe           [Unskilled]
   short sword        [Unskilled]
   broadsword         [Unskilled]
   long sword         [Unskilled]
   two-handed sword   [Unskilled]
   saber              [Unskilled]
   hammer             [Unskilled]
   quarterstaff       [Unskilled]
   polearms           [Unskilled]
   spear              [Basic]
   trident            [Unskilled]
   lance              [Unskilled]
   sling              [Unskilled]
 Spellcasting Skills
   attack spells      [Unskilled]
   escape spells      [Unskilled]

Voluntary challenges:
 Character rerolling was not enabled.
 You were an atheist.
 You were illiterate.
 You never genocided any monsters.
 You never polymorphed an object.
 You never changed form.
 You used no wishes.
Achievements:
 You attained the rank of Skirmisher.
 You entered a shop.

 The Dungeons of Doom: levels 1 to 4
    Level 1:
       A fountain.
    Level 2:
       An altar.
    Level 3:
       A general store, an altar.
    Level 4: <- You were here.
       A fountain.
       Final resting place for
          you, killed by a hill orc.


Vanquished creatures:
  a fog cloud
  a shrieker
  3 floating eyes
  3 hill orcs
  a giant bat
 an iguana
  2 hobbits
  a large kobold
  2 giant rats
  2 gnomes
  4 geckos
  6 jackals
  4 foxes
  2 kobolds
  3 goblins
  4 grid bugs
  a bat
  4 lichens
  7 newts
52 creatures vanquished.

No species were genocided or became extinct.

Game over:
                       ----------
                      /          \
                     /    REST    \
                    /      IN      \
                   /     PEACE      \
                  /                  \
                  |    BSL2425737    |
                  |      35 Au       |
                  | killed by a hill |
                  |       orc        |
                  |                  |
                  |                  |
                  |       2026       |
                 *|     *  *  *      | *
        _________)/\\_//(\/(/\)/\//\/|_)_______

Farvel BSL2425737 the Valkyrie...

You died in The Dungeons of Doom on dungeon level 4 with 546 points,
and 35 pieces of gold, after 3441 moves.
You were level 4 with a maximum of 45 hit points when you died.

